[Event "Titled Tuesday Blitz February 21 Late 2023"]
[White "Berezin, Viktor"]
[Black "Lerch, Philipp"]
[WhiteFideId "14107872"]
[BlackFideId "4654129"]
[WhiteElo "2307"]
[BlackElo "2305"]
[Result "1/2-1/2"]
[Round "10"]
[TimeControl "180+2"]
[Date "2023.02.21"]
[WhiteClock "0:00:04"]
[BlackClock "0:00:07"]

1. d4 f5 2. g3 Nf6 3. Bg2 d5 4. c4 e6 5. Nf3 c6 6. O-O Be7 7. b3 O-O 8. Ba3 Nbd7 9. Bxe7 Qxe7 10. Nc3 Ne4 11. Qc2 Ndf6 12. Ne5 Bd7 13. f3 Nxc3 14. Qxc3 Be8 15. Rfd1 Bf7 16. Rac1 Rfd8 17. e3 Rac8 18. Qa5 a6 19. Qb6 Qc7 20. Qxc7 Rxc7 21. cxd5 exd5 22. Rc3 Re7 23. Kf2 Be8 24. Rdc1 Rd6 25. Nd3 Nd7 26. a4 g5 27. a5 Rde6 28. Nb4 Nf6 29. Re1 f4 30. Nc2 fxe3+ 31. Rcxe3 Rxe3 32. Rxe3 Rxe3 33. Nxe3 Bg6 34. Bh3 Ne8 35. Ng4 Kf8 36. Ke3 Bc2 37. b4 Nd6 38. Ne5 Ke7 39. Bg4 Bf5 40. Bh5 Be6 41. Kd3 Bf5+ 42. Ke3 Nb5 43. Bg4 Bxg4 44. Nxg4 Na3 45. Kd3 Nc4 46. h4 gxh4 47. gxh4 Nd6 48. Ne5 Nf5 49. h5 Ng3 50. h6 Nf5 51. Ng4 Nh4 52. Ke3 Ng6 53. f4 Nh4 54. Kd3 Nf5 55. Kc3 Ng3 56. Kd3 Nh5 57. Ke3 Ng3 58. Kd3 Nf5 59. Kc3 Kf7 60. Kd3 Ke6 61. Kc3 Ne7 62. Kd3 Ng6 63. Ke3 Nh4 64. Kd3 Nf5 65. Kc3 Ke7 66. Kd3 Nd6 67. Kc3 Ne4+ 68. Kd3 Nf6 69. Ne5 Ng8 70. Ng4 Ke6 71. Ke3 Ne7 72. Kd3 Nf5 1/2-1/2


[Site "https://www.chess.com"]

[Event "Titled Tuesday Blitz February 21 Late 2023"]
[White "Golubev, Mikhail"]
[Black "Goncalves, Davi Sulzbacher"]
[WhiteFideId "14100983"]
[BlackFideId "2154510"]
[WhiteElo "2461"]
[BlackElo "2282"]
[Result "1-0"]
[Round "10"]
[TimeControl "180+2"]
[Date "2023.02.21"]
[WhiteClock "0:02:18"]
[BlackClock "0:02:17"]

1. e4 c5 2. Nf3 d6 3. d4 cxd4 4. Nxd4 Nf6 5. Nc3 a6 6. Bc4 e6 7. O-O Be7 8. Bb3 Nbd7 9. Bxe6 fxe6 10. Nxe6 Qa5 11. Nxg7+ Kf7 12. Nf5 Ne5 13. Nxe7 Kxe7 14. Bg5 Rg8 15. Bxf6+ Kxf6 16. Qxd6+ Be6 17. Nd5+ 1-0


[Site "https://www.chess.com"]

[Event "Titled Tuesday Blitz February 21 Late 2023"]
[White "Mikhalsky, Vladimir"]
[Black "Kielinkei"]
[WhiteFideId "14144352"]
[WhiteElo "2219"]
[BlackElo "2387"]
[Result "1-0"]
[Round "10"]
[TimeControl "180+2"]
[Date "2023.02.21"]
[WhiteClock "0:01:25"]
[BlackClock "0:00:16"]

1. d4 f5 2. Bg5 h6 3. Bf4 Nf6 4. Nc3 e6 5. g4 Nxg4 6. e4 Be7 7. h3 Nf6 8. e5 Nh7 9. Qh5+ Kf8 10. h4 Qe8 11. Qf3 Kg8 12. O-O-O d6 13. Bc4 Nf8 14. Nge2 d5 15. Bd3 c6 16. Rdg1 Kh7 17. Bd2 g6 18. Nf4 Rg8 19. Qe3 Qf7 20. Nfxd5 f4 21. Nxf4 Rg7 22. h5 Bg5 23. Rxg5 1-0


[Site "https://www.chess.com"]

[Event "Titled Tuesday Blitz February 21 Late 2023"]
[White "Bon, Michael"]
[Black "Davidson, Kevin"]
[WhiteFideId "620696"]
[BlackFideId "2056810"]
[WhiteElo "2394"]
[BlackElo "2154"]
[Result "1-0"]
[Round "10"]
[TimeControl "180+2"]
[Date "2023.02.21"]
[WhiteClock "0:00:51"]
[BlackClock "0:00:25"]

1. e4 c5 2. Nf3 d6 3. d4 cxd4 4. Nxd4 Nf6 5. Nc3 a6 6. Bg5 e6 7. f4 Be7 8. Qf3 h6 9. Bh4 Qc7 10. O-O-O Nbd7 11. Be2 O-O 12. g4 b5 13. g5 hxg5 14. Bxg5 b4 15. Nd5 exd5 16. Nf5 Nb6 17. Nxg7 Kxg7 18. Rhg1 Ng4 19. Bxe7 Qxe7 20. Rxg4+ Kf6 21. e5+ dxe5 22. fxe5+ Kxe5 23. Qe3+ Kd6 24. Qxb6+ 1-0


[Site "https://www.chess.com"]

[Event "Titled Tuesday Blitz February 21 Late 2023"]
[White "Koziol, Kamil"]
[Black "Vega Gutierrez, Sabrina"]
[WhiteFideId "1161555"]
[BlackFideId "2219026"]
[WhiteElo "2286"]
[BlackElo "2377"]
[Result "0-1"]
[Round "10"]
[TimeControl "180+2"]
[Date "2023.02.21"]
[WhiteClock "0:00:06"]
[BlackClock "0:00:07"]

1. e4 c5 2. Nf3 Nc6 3. Bb5 Nf6 4. Qe2 g6 5. Nc3 Bg7 6. e5 Ng4 7. Bxc6 dxc6 8. d3 O-O 9. Bf4 Nh6 10. O-O-O Nf5 11. Ne4 b6 12. g4 Nd4 13. Nxd4 cxd4 14. h4 Qd5 15. h5 Qxa2 16. f3 Qa1+ 17. Kd2 Qxb2 18. Rb1 Qa2 19. Ng5 h6 20. Ne4 g5 21. Bxg5 hxg5 22. h6 Qa5+ 23. Kd1 Bxe5 24. Nxg5 Bf6 25. Ne4 Qe5 26. Rh5 Qf4 27. c3 Kh8 28. Kc2 Be6 29. Rg1 Rg8 30. g5 Be5 31. Nf2 Qe3 32. Qf1 Qxf3 33. Rh4 dxc3 34. Re4 Qf5 35. h7 Rg7 36. Qe2 f6 37. Ng4 Rxg5 38. Rf1 Qxg4 39. Rxg4 Bxg4 40. Qf2 Be6 41. Rg1 Rxg1 42. Qxg1 Bf5 43. Qg2 Rc8 44. Qf3 Bxh7 45. Qh3 Rc7 46. Qe6 a5 47. Kb3 Bg8 48. Ka4 Bxe6 49. d4 Bf4 50. d5 Bxd5 51. Ka3 e5 52. Ka4 e4 53. Ka3 e3 54. Ka4 e2 55. Ka3 e1=Q 56. Ka4 Qa1# 0-1


[Site "https://www.chess.com"]

[Event "Titled Tuesday Blitz February 21 Late 2023"]
[White "Gerbelli Neto, Eduardo"]
[Black "Womacka, Mathias"]
[WhiteFideId "2103281"]
[BlackFideId "4611390"]
[WhiteElo "2114"]
[BlackElo "2396"]
[Result "0-1"]
[Round "10"]
[TimeControl "180+2"]
[Date "2023.02.21"]
[WhiteClock "0:00:05"]
[BlackClock "0:00:14"]

1. e4 c5 2. Nc3 Nc6 3. f4 g6 4. Nf3 Bg7 5. Bc4 e6 6. f5 Nge7 7. fxe6 dxe6 8. d3 O-O 9. O-O Na5 10. Qe1 Nxc4 11. dxc4 b6 12. Bg5 f6 13. Rd1 Qc7 14. Nb5 Qb8 15. Bh4 a6 16. Nd6 Ra7 17. e5 fxe5 18. Nxe5 Rxf1+ 19. Qxf1 Nf5 20. Nc6 Bd4+ 21. Rxd4 cxd4 22. Nxb8 Nxd6 23. Nc6 Rf7 24. Qe2 Nf5 25. Bf2 Bb7 26. Qxe6 Kg7 27. Qxf7+ Kxf7 28. Nd8+ Kf6 29. Nxb7 Ke7 30. g4 Ne3 31. c3 dxc3 32. bxc3 Nxc4 33. Bh4+ Kd7 34. Nd8 Ne5 35. h3 Nf3+ 36. Kf2 Nxh4 37. Nf7 Ke7 38. Ng5 h6 39. Ne4 g5 40. c4 Ke6 41. Nc3 Ke5 42. a4 Kd4 43. Nd5 Kxc4 44. Nxb6+ Kb4 45. Ke3 Ka5 46. Nd5 Kxa4 47. Ke4 Kb3 48. Nb6 a5 49. Ke5 Ng2 50. Kf6 Nf4 51. Kg7 Nxh3 52. Kxh6 a4 53. Nxa4 Kxa4 54. Kg6 Kb4 55. Kf6 Kc4 56. Ke5 Kd3 57. Kf5 Ke3 58. Ke5 Kf3 59. Kf5 Kg3 0-1


[Site "https://www.chess.com"]

[Event "Titled Tuesday Blitz February 21 Late 2023"]
[White "Hajiyev, Kanan"]
[Black "Lucassen, Mickey"]
[WhiteFideId "13404148"]
[BlackFideId "12919110"]
[WhiteElo "2197"]
[BlackElo "2023"]
[Result "1/2-1/2"]
[Round "10"]
[TimeControl "180+2"]
[Date "2023.02.21"]
[WhiteClock "0:00:11"]
[BlackClock "0:00:10"]

1. d4 Nf6 2. Nf3 g6 3. c4 Bg7 4. Nc3 d5 5. cxd5 Nxd5 6. e4 Nxc3 7. bxc3 c5 8. Bb5+ Nc6 9. O-O O-O 10. dxc5 Qa5 11. Qa4 Qxc3 12. Bd2 Qxc5 13. Rac1 Qh5 14. Bxc6 bxc6 15. Qxc6 Bg4 16. e5 Bxf3 17. Qxf3 Qxf3 18. gxf3 Bxe5 19. Rfe1 Bd6 20. Bg5 f6 21. Be3 Rfc8 22. a4 a5 23. Kf1 Ba3 24. Ra1 Bb4 25. Re2 Rc4 26. Bd2 Kf7 27. Bxb4 Rxb4 28. Rc2 Rb3 29. Kg2 h5 30. Rc5 Rb4 31. Rc7 f5 32. Ra2 Kf6 33. Rc6+ e6 34. Re2 Re8 35. Ra2 Rd8 36. Ra6 Rd5 37. Re2 Re5 38. Rxe5 Kxe5 39. Rxa5+ Kf4 40. Ra6 e5 41. a5 Ra4 42. Rxg6 Rxa5 43. h4 e4 44. fxe4 fxe4 45. Rg8 Rf5 46. Rg3 Ke5 47. Ra3 Kf4 48. Ra4 Re5 49. f3 Ke3 50. fxe4 Rxe4 51. Ra5 Rg4+ 52. Kh3 Kf3 53. Rxh5 Rg1 54. Kh2 Rg7 55. Rf5+ Kg4 56. Re5 Kxh4 57. Re4+ Kg5 58. Kh3 Kg6 59. Rg4+ Kf6 60. Rf4+ Ke6 61. Rf2 Re7 62. Re2+ Kd7 63. Rf2 Re6 64. Kg4 Kd6 65. Kf5 Re7 66. Rd2+ Kc7 67. Kf6 Rd7 68. Rc2+ Kd6 69. Rd2+ Kc6 70. Re2 Rd6+ 71. Ke5 Rd5+ 72. Ke4 Rd6 73. Rc2+ Kd7 74. Ke5 Re6+ 75. Kd5 Rd6+ 76. Ke5 Re6+ 77. Kf5 Rd6 78. Ra2 Rc6 79. Ra7+ Rc7 80. Rxc7+ Kxc7 1/2-1/2


[Site "https://www.chess.com"]

[Event "Titled Tuesday Blitz February 21 Late 2023"]
[White "Lorenzo De La Riva, Lazaro"]
[Black "Buchenau, Frank"]
[WhiteFideId "2268809"]
[BlackFideId "4604350"]
[WhiteElo "2404"]
[BlackElo "2222"]
[Result "1-0"]
[Round "10"]
[TimeControl "180+2"]
[Date "2023.02.21"]
[WhiteClock "0:00:19"]
[BlackClock "0:00:01"]

1. d4 e6 2. Nc3 Nf6 3. Bf4 d5 4. Nb5 Na6 5. e3 c6 6. Nc3 Bb4 7. Ne2 O-O 8. a3 Bd6 9. Bg5 e5 10. Ng3 Nc7 11. Bd3 e4 12. Be2 Ne6 13. Bxf6 Qxf6 14. Nh5 Qg5 15. g3 g6 16. h4 Qe7 17. Nf4 Nxf4 18. gxf4 Bf5 19. h5 b5 20. Nb1 a5 21. Nd2 b4 22. a4 Rfd8 23. c4 bxc3 24. bxc3 Rab8 25. Nf1 Rb2 26. Ng3 Bd7 27. c4 Rdb8 28. c5 Bc7 29. Kf1 Qd8 30. hxg6 fxg6 31. Bg4 Qc8 32. Be2 Qb7 33. Kg2 Qb3 34. Qg1 h5 35. Qh2 Rxe2 36. Nxe2 Bg4 37. Rhe1 Bf3+ 38. Kg1 Qc2 39. Ng3 Rb2 40. Rf1 Qd2 41. Qh4 Kf7 42. Qg5 Rb8 43. f5 gxf5 44. Qxf5+ Ke7 45. Qh7+ Kd8 46. Nf5 1-0


[Site "https://www.chess.com"]

[Event "Titled Tuesday Blitz February 21 Late 2023"]
[White "Zampronha, Wladimir Camilo"]
[Black "Jimenez Garcia, Emmanuel"]
[WhiteFideId "2103087"]
[BlackFideId "6504779"]
[WhiteElo "2176"]
[BlackElo "2410"]
[Result "0-1"]
[Round "10"]
[TimeControl "180+2"]
[Date "2023.02.21"]
[WhiteClock "0:00:44"]
[BlackClock "0:00:54"]

1. e4 c5 2. Nf3 a6 3. c4 e6 4. d4 cxd4 5. Nxd4 Nf6 6. Nc3 Qc7 7. Be2 d6 8. O-O b6 9. Be3 Bb7 10. f3 Nbd7 11. Rc1 Be7 12. Qd2 O-O 13. Rfd1 Rfd8 14. Bf1 Rac8 15. Bf2 Qb8 16. Bg3 h6 17. Kh1 Ne5 18. b3 Nh5 19. Bf2 Bg5 20. Be3 Bxe3 21. Qxe3 Ba8 22. Nde2 b5 23. cxb5 axb5 24. Nd4 b4 25. Na4 Rxc1 26. Qxc1 d5 27. exd5 Bxd5 28. Qe3 Nf6 29. Nb5 Nfg4 30. Qg1 Nxf3 31. Qa7 Qxa7 32. Nxa7 Nf2# 0-1


[Site "https://www.chess.com"]

[Event "Titled Tuesday Blitz February 21 Late 2023"]
[White "Comas Fabrego, Lluis"]
[Black "Poeta, Caio Medeiros"]
[WhiteFideId "2200325"]
[BlackFideId "2142660"]
[WhiteElo "2424"]
[BlackElo "2088"]
[Result "0-1"]
[Round "10"]
[TimeControl "180+2"]
[Date "2023.02.21"]
[WhiteClock "0:01:38"]
[BlackClock "0:02:35"]

1. Nf3 Nf6 2. c4 c5 3. Nc3 d5 4. cxd5 Nxd5 5. e4 Nb4 6. d4 cxd4 7. Bb5+ Bd7 8. Nxd4 e5 9. Nc2 Bxb5 10. Qxd8+ Kxd8 11. Nxb4 Bxb4 12. Bd2 Bxc3 13. Bxc3 f6 14. O-O-O+ Ke7 15. f4 Nc6 0-1


[Site "https://www.chess.com"]

[Event "Titled Tuesday Blitz February 21 Late 2023"]
[White "CheckBits"]
[Black "Zhang, Alan"]
[BlackFideId "30936870"]
[WhiteElo "2452"]
[BlackElo "2001"]
[Result "1-0"]
[Round "10"]
[TimeControl "180+2"]
[Date "2023.02.21"]
[WhiteClock "0:00:36"]
[BlackClock "0:00:02"]

1. d4 Nf6 2. Nf3 d5 3. Bf4 e6 4. e3 Be7 5. Bd3 O-O 6. O-O b6 7. Nbd2 c5 8. Re1 Bb7 9. c3 Nc6 10. Ne5 c4 11. Bc2 b5 12. a3 a5 13. Qf3 h6 14. Qh3 b4 15. e4 Nxe5 16. Bxe5 Nxe4 17. Nxe4 dxe4 18. Bxe4 Bxe4 19. Rxe4 Bf6 20. Bf4 Qd5 21. Rae1 Kh7 22. Be5 Bxe5 23. Rxe5 Qd6 24. Rc5 bxa3 25. bxa3 Rfc8 26. Rxc8 Rxc8 27. a4 1-0


[Site "https://www.chess.com"]

[Event "Titled Tuesday Blitz February 21 Late 2023"]
[White "Curtis, John"]
[Black "Delorme, Axel"]
[WhiteFideId "3200256"]
[BlackFideId "632023"]
[WhiteElo "2292"]
[BlackElo "2483"]
[Result "1-0"]
[Round "10"]
[TimeControl "180+2"]
[Date "2023.02.21"]
[WhiteClock "0:00:16"]
[BlackClock "0:00:10"]

1. d4 d5 2. Nf3 e6 3. Bf4 c5 4. c3 Nc6 5. e3 Nf6 6. Nbd2 Nh5 7. Bg5 f6 8. Bh4 cxd4 9. exd4 Be7 10. Ng1 g6 11. g4 Ng7 12. Bg3 Bd7 13. h4 h5 14. Bd3 f5 15. g5 Kf7 16. Ndf3 Ne8 17. Ne5+ Nxe5 18. Bxe5 Rf8 19. f4 Nd6 20. Nf3 Ne4 21. Rh2 Qb6 22. Rc2 Bb5 23. Bxb5 Qxb5 24. Qe2 Qxe2+ 25. Kxe2 Rfc8 26. Kd3 Rc6 27. Nd2 Rac8 28. Nxe4 fxe4+ 29. Kd2 b5 30. Rac1 a5 31. a3 Ke8 32. Kd1 Kd7 33. Kd2 b4 34. cxb4 axb4 35. Rxc6 Rxc6 36. Rxc6 Kxc6 37. a4 b3 38. Kc3 Bd8 39. Kxb3 Ba5 40. f5 Be1 41. fxg6 1-0


[Site "https://www.chess.com"]

[Event "Titled Tuesday Blitz February 21 Late 2023"]
[White "Jimenez Jimenez, Leandro"]
[Black "Chemin, Justo Reinaldo"]
[WhiteFideId "6415253"]
[BlackFideId "2101580"]
[WhiteElo "2146"]
[BlackElo "2040"]
[Result "1-0"]
[Round "10"]
[TimeControl "180+2"]
[Date "2023.02.21"]
[WhiteClock "0:00:13"]
[BlackClock "0:00:05"]

1. d4 e6 2. c4 d5 3. cxd5 exd5 4. Nc3 c6 5. Nf3 Bd6 6. Qc2 Nf6 7. Bg5 Be6 8. e3 Nbd7 9. Bd3 h6 10. Bh4 O-O 11. O-O-O b5 12. Kb1 Be7 13. h3 a5 14. g4 a4 15. Ne2 Qb6 16. Ne5 Rfc8 17. Nxd7 Bxd7 18. Rhg1 b4 19. Qd2 b3 20. a3 c5 21. dxc5 Bxc5 22. g5 hxg5 23. Bxg5 Kf8 24. h4 Qd6 25. Nd4 Bxa3 26. bxa3 Qxa3 27. Bxf6 Rc2 28. Nxc2 bxc2+ 29. Qxc2 Rb8+ 30. Bb2 d4 31. exd4 Be6 32. Qc5+ Qxc5 33. dxc5 a3 34. Rd2 axb2 35. Rxb2 Rc8 36. Rc1 g6 37. c6 Ke7 38. Ba6 Rh8 39. c7 Rxh4 40. c8=Q Bxc8 41. Bxc8 Rf4 42. Rc7+ Kf6 43. Rbb7 Kg7 44. Rxf7+ Rxf7 45. Rxf7+ Kxf7 46. Kc2 Kf6 47. Kd3 Ke5 48. Ke3 Kf6 49. Kf3 Kg5 50. Kg3 Kf6 51. Kg4 Kg7 52. Kg5 Kf7 53. Ba6 Kg7 54. Bd3 Kf7 55. Bxg6+ Kg7 56. f4 Kg8 57. f5 Kg7 58. f6+ Kg8 59. f7+ Kf8 60. Kh6 Ke7 61. Kg7 1-0


[Site "https://www.chess.com"]

[Event "Titled Tuesday Blitz February 21 Late 2023"]
[White "Jian, Alex"]
[Black "Avgoustopoulos, Christian"]
[WhiteFideId "30901022"]
[BlackFideId "2122294"]
[WhiteElo "2031"]
[BlackElo "1969"]
[Result "0-1"]
[Round "10"]
[TimeControl "180+2"]
[Date "2023.02.21"]
[WhiteClock "0:00:03"]
[BlackClock "0:01:30"]

1. d4 d6 2. Nf3 Nd7 3. c4 Ngf6 4. Nc3 e5 5. e4 Be7 6. Be2 O-O 7. O-O a6 8. d5 Nc5 9. Qc2 a5 10. Be3 b6 11. Nd2 Ng4 12. Bxg4 Bxg4 13. f3 Bd7 14. b3 f5 15. a3 f4 16. Bf2 g5 17. b4 axb4 18. axb4 Rxa1 19. Rxa1 Nb7 20. Nb3 g4 21. c5 bxc5 22. bxc5 Nxc5 23. Nxc5 dxc5 24. Kh1 gxf3 25. gxf3 Bh3 26. Rg1+ Kh8 27. Ne2 Rg8 28. Qc3 Bd6 29. Bxc5 Qh4 30. Rxg8+ Kxg8 31. Bxd6 Qf2 0-1


[Site "https://www.chess.com"]

[Event "Titled Tuesday Blitz February 21 Late 2023"]
[White "Nilsen, Tobias Lang"]
[Black "Manu_ChessExcelsior"]
[WhiteFideId "1521624"]
[WhiteElo "2247"]
[BlackElo "2095"]
[Result "1-0"]
[Round "10"]
[TimeControl "180+2"]
[Date "2023.02.21"]
[WhiteClock "0:00:54"]
[BlackClock "0:00:51"]

1. e4 e5 2. Nf3 Nc6 3. Bc4 Nf6 4. d3 Bc5 5. c3 a6 6. O-O Ba7 7. Re1 d6 8. h3 h6 9. a4 O-O 10. Nbd2 Re8 11. b4 Be6 12. Bxe6 Rxe6 13. Qb3 Re8 14. Bb2 Qd7 15. d4 exd4 16. cxd4 Rad8 17. Rad1 Ne7 18. e5 dxe5 19. dxe5 Nfd5 20. Ne4 c6 21. Nd6 Rf8 22. b5 Nf5 23. Ba3 Nxd6 24. Bxd6 Rfe8 25. bxc6 bxc6 26. Rb1 Qf5 27. Qc4 Nf4 28. Qe4 Qxe4 29. Rxe4 Nxh3+ 30. gxh3 Rxd6 31. exd6 Rxe4 32. d7 1-0


[Site "https://www.chess.com"]

[Event "Titled Tuesday Blitz February 21 Late 2023"]
[White "Gatterer, Florian"]
[Black "Pinheiro, Iung Alicio de O."]
[WhiteFideId "811688"]
[BlackFideId "2104350"]
[WhiteElo "2170"]
[BlackElo "2306"]
[Result "0-1"]
[Round "10"]
[TimeControl "180+2"]
[Date "2023.02.21"]
[WhiteClock "0:00:03"]
[BlackClock "0:00:05"]

1. f4 Nh6 2. Nf3 g6 3. g3 d5 4. Bg2 Bg7 5. O-O O-O 6. d3 Bg4 7. c3 c5 8. Nbd2 d4 9. Qc2 Nc6 10. h3 Bd7 11. Ne4 b6 12. c4 Nf5 13. Kh2 e5 14. g4 Ne3 15. Bxe3 dxe3 16. f5 gxf5 17. gxf5 Bxf5 18. Ng3 Bg6 19. Qd1 f5 20. Qc1 f4 21. Ne4 Rc8 22. Qe1 Kh8 23. Rc1 Rg8 24. Qh4 Bxe4 25. Qxd8 Rcxd8 26. dxe4 Bf6 27. Rcd1 Nd4 28. Nxd4 exd4 29. Bf3 Bh4 30. Rg1 Bg3+ 31. Kh1 Kg7 32. Kg2 Kf6 33. Kf1 Ke5 34. Rg2 a6 35. b3 b5 36. cxb5 axb5 37. Rc1 Rc8 38. Bg4 Rc7 39. a4 bxa4 40. bxa4 c4 41. Rg1 Ra8 42. Kg2 Rxa4 43. Kf3 Raa7 44. Rb1 d3 45. Rb5+ Kd4 46. Rc1 Rc5 47. Rxc5 Kxc5 48. exd3 c3 49. Rxc3+ Kd4 50. Rc4+ Kxd3 51. Rc6 Ra2 52. Rd6+ Kc3 53. e5 Rf2+ 54. Ke4 e2 55. Bxe2 Rxe2+ 56. Kf5 f3 57. Rc6+ Kd4 58. e6 f2 59. Rc1 Re1 60. Rxe1 fxe1=Q 61. e7 Qxe7 62. Kg4 Qg7+ 63. Kf3 Be5 64. Kf2 Qg3+ 65. Kf1 Ke3 0-1


[Site "https://www.chess.com"]

[Event "Titled Tuesday Blitz February 21 Late 2023"]
[White "Deng, Henry"]
[Black "Li, Hui"]
[WhiteFideId "30965454"]
[BlackFideId "15400310"]
[WhiteElo "2168"]
[BlackElo "1963"]
[Result "1-0"]
[Round "10"]
[TimeControl "180+2"]
[Date "2023.02.21"]
[WhiteClock "0:01:00"]
[BlackClock "0:00:12"]

1. b3 d5 2. Bb2 c5 3. e3 Nf6 4. Nf3 e6 5. c4 Nc6 6. cxd5 Nxd5 7. Nc3 Nf6 8. Be2 Be7 9. O-O O-O 10. a3 b6 11. Qc2 Bb7 12. Rfd1 Rc8 13. Rac1 Qc7 14. Qb1 Qb8 15. h3 Rfd8 16. Ne1 Na5 17. Qa2 Nd5 18. Bf3 Bf6 19. Ne4 Bxb2 20. Qxb2 Nc6 21. Ng3 Qe5 22. Qb1 g6 23. Nd3 Qg7 24. Nb2 Ne5 25. Be4 Bc6 26. d4 cxd4 27. Rxd4 Nf6 28. Bxc6 Rxd4 29. exd4 Nxc6 30. Rc4 Ne7 31. Qc2 Qf8 32. Nd3 Rxc4 33. bxc4 Qd8 34. Qc3 Nc6 35. Ne2 Ne4 36. Qb2 Qc7 37. d5 exd5 38. cxd5 Ne7 39. Qd4 1-0


[Site "https://www.chess.com"]

[Event "Titled Tuesday Blitz February 21 Late 2023"]
[White "Jenkins, Drake"]
[Black "Rottenwohrer Suarez, Juan"]
[WhiteFideId "2022397"]
[BlackFideId "32068182"]
[WhiteElo "2130"]
[BlackElo "2265"]
[Result "0-1"]
[Round "10"]
[TimeControl "180+2"]
[Date "2023.02.21"]
[WhiteClock "0:00:01"]
[BlackClock "0:00:36"]

1. Nf3 Nf6 2. c4 g6 3. Nc3 Bg7 4. g3 b6 5. Bg2 Bb7 6. O-O O-O 7. d3 c5 8. a3 d5 9. cxd5 Nxd5 10. Bd2 e6 11. Rb1 a5 12. Nxd5 Bxd5 13. Bc3 a4 14. Bxg7 Kxg7 15. h4 h6 16. Qd2 Nd7 17. d4 Qf6 18. Rbc1 Rac8 19. dxc5 Nxc5 20. Qd4 Nb3 21. Qxf6+ Kxf6 22. Rxc8 Rxc8 23. Rb1 Rc2 24. Bf1 Bxf3 25. exf3 Nd2 26. Rd1 Rxb2 27. Kg2 Nxf1 28. Kxf1 Rb3 29. Ra1 Rxf3 30. Rb1 Rb3 31. Ra1 Ke5 32. Kg2 Kd4 33. h5 gxh5 34. Rh1 Rxa3 35. Rxh5 Kc4 36. Rxh6 Rd3 37. Rf6 a3 38. Rxf7 a2 39. Ra7 Kb3 40. g4 Rd1 41. g5 a1=Q 42. Rxa1 Rxa1 43. Kg3 Kc4 44. g6 Kd5 45. Kg4 b5 0-1


[Site "https://www.chess.com"]

[Event "Titled Tuesday Blitz February 21 Late 2023"]
[White "reevecanada"]
[Black "Kujawski, Adam"]
[BlackFideId "1100920"]
[WhiteElo "2441"]
[BlackElo "2173"]
[Result "1-0"]
[Round "10"]
[TimeControl "180+2"]
[Date "2023.02.21"]
[WhiteClock "0:02:17"]
[BlackClock "0:00:05"]

1. e4 e5 2. Nf3 Nc6 3. d4 exd4 4. Nxd4 Bb4+ 5. c3 Bc5 6. Nb3 Bb6 7. c4 Qh4 8. Qe2 Nd4 9. Nxd4 Bxd4 10. Be3 Bxe3 11. Qxe3 Nf6 12. Nc3 O-O 13. g3 Qh5 14. Be2 Qh3 15. O-O-O d6 16. f4 Bg4 17. Bf1 Qh5 18. Rd2 Rfe8 19. Bg2 Bd7 20. h3 Bc6 21. g4 Qh4 22. Nd5 Bxd5 23. cxd5 c6 24. dxc6 Rac8 25. Kb1 Rxc6 26. e5 Rc5 27. Rxd6 Rec8 28. exf6 1-0


[Site "https://www.chess.com"]

[Event "Titled Tuesday Blitz February 21 Late 2023"]
[White "Buscar, Michael"]
[Black "Seletsky, Grigory"]
[WhiteFideId "2603616"]
[BlackFideId "14112191"]
[WhiteElo "2041"]
[BlackElo "2259"]
[Result "0-1"]
[Round "10"]
[TimeControl "180+2"]
[Date "2023.02.21"]
[WhiteClock "0:00:32"]
[BlackClock "0:01:00"]

1. d4 c5 2. d5 e5 3. dxe6 fxe6 4. g3 d5 5. Bg2 Nc6 6. c4 Nf6 7. Nf3 Be7 8. O-O O-O 9. b3 d4 10. Na3 e5 11. Bg5 a6 12. Bxf6 gxf6 13. Nd2 f5 14. Nc2 e4 15. g4 d3 16. exd3 Qxd3 17. gxf5 Bxf5 18. Ne3 Bg6 19. Nb1 Bf6 20. Qxd3 exd3 21. Nd2 Bxa1 22. Rxa1 Rad8 23. Nd5 Rf7 24. Re1 Kg7 25. Re3 Nb4 26. Nxb4 cxb4 27. Bd5 Rfd7 28. Kf1 Rxd5 29. cxd5 Kf6 30. Ne4+ Bxe4 31. Rxe4 Rxd5 32. Ke1 Re5 33. Re3 Rxe3+ 34. fxe3 Ke5 35. Kd1 Ke4 36. Kd2 h6 37. h3 h5 38. h4 a5 0-1


[Site "https://www.chess.com"]

[Event "Titled Tuesday Blitz February 21 Late 2023"]
[White "Winkels, Marcel"]
[Black "Figorito, Nick"]
[WhiteFideId "1003887"]
[BlackFideId "30923689"]
[WhiteElo "1960"]
[BlackElo "2036"]
[Result "1-0"]
[Round "10"]
[TimeControl "180+2"]
[Date "2023.02.21"]
[WhiteClock "0:00:35"]
[BlackClock "0:00:24"]

1. e4 e6 2. d4 d5 3. Nc3 Bb4 4. exd5 exd5 5. Bd3 Ne7 6. a3 Bxc3+ 7. bxc3 O-O 8. Ne2 Bf5 9. O-O Nd7 10. Ng3 Bxd3 11. Qxd3 Nf6 12. Bg5 Ng6 13. Nh5 c6 14. Rfe1 Qd6 15. Bxf6 gxf6 16. Qe3 Kh8 17. Qh6 Rg8 18. Re3 Nh4 19. Rg3 Nf5 20. Rxg8+ Rxg8 21. Qxf6+ Qxf6 22. Nxf6 Rd8 23. Re1 Kg7 24. Ng4 b6 25. Re5 Kg6 26. Ne3 Nxe3 27. fxe3 Rd7 28. Kf2 Kf6 29. Kf3 c5 30. e4 dxe4+ 31. Kxe4 cxd4 32. cxd4 Rc7 33. Kd3 Rc8 34. Rh5 Kg6 35. Rh3 b5 36. Re3 Rc6 37. Re5 Ra6 38. Rxb5 Rxa3+ 39. c3 Ra2 40. d5 Kf6 41. Rb7 Rxg2 42. d6 Rxh2 43. c4 Rh1 44. c5 Rc1 45. Kd4 Ke6 46. Re7+ Kf6 47. Rxa7 h5 48. Kd5 h4 49. Kc6 h3 50. Ra2 Rg1 51. d7 Rd1 52. Kc7 Ke7 53. Re2+ Kf8 54. d8=Q+ Rxd8 55. Kxd8 1-0


[Site "https://www.chess.com"]

[Event "Titled Tuesday Blitz February 21 Late 2023"]
[White "Magallanes, Rey Jomar"]
[Black "Novikov, Evgenij"]
[WhiteFideId "5205948"]
[BlackFideId "4125380"]
[WhiteElo "2052"]
[BlackElo "2276"]
[Result "1-0"]
[Round "10"]
[TimeControl "180+2"]
[Date "2023.02.21"]
[WhiteClock "0:00:28"]
[BlackClock "0:00:01"]

1. e4 c6 2. d4 d5 3. e5 Bf5 4. h4 h5 5. Bd3 Bxd3 6. Qxd3 e6 7. Bg5 Qa5+ 8. Nd2 Nd7 9. Nf3 Ne7 10. O-O Nf5 11. c3 Rc8 12. b4 Qb5 13. Qc2 b6 14. a4 Qa6 15. Rfb1 Be7 16. b5 Qb7 17. Bxe7 Nxe7 18. c4 cxb5 19. axb5 O-O 20. Ng5 Nf5 21. Qd1 g6 22. Ra3 dxc4 23. Nde4 Qd5 24. Rxa7 Kg7 25. Qf3 c3 26. Nxc3 Qxf3 27. gxf3 Rxc3 28. Rxd7 Kg8 29. Rb7 Nxd4 30. Rxb6 Rc5 31. Rb7 Rxe5 32. b6 f6 33. Rc7 fxg5 34. b7 Nxf3+ 35. Kh1 Rd5 36. b8=Q Rd1+ 37. Kg2 Nxh4+ 38. Kg3 Rd3+ 39. Kh2 Nf3+ 40. Kg2 Nh4+ 41. Kf1 Rf3 42. Qb6 1-0


[Site "https://www.chess.com"]

[Event "Titled Tuesday Blitz February 21 Late 2023"]
[White "Mendez Machado, Andre"]
[Black "Toncheva, Nadya"]
[WhiteFideId "6603793"]
[BlackFideId "2924056"]
[WhiteElo "1974"]
[BlackElo "2295"]
[Result "0-1"]
[Round "10"]
[TimeControl "180+2"]
[Date "2023.02.21"]
[WhiteClock "0:00:03"]
[BlackClock "0:01:00"]

1. e4 c5 2. Nc3 Nc6 3. Bb5 Nd4 4. Nf3 a6 5. Bd3 Nc6 6. O-O e6 7. Nd5 g6 8. Re1 Bg7 9. c3 d6 10. Ne3 Nge7 11. Bc2 e5 12. Bb3 O-O 13. a4 h6 14. Nd5 Kh7 15. a5 Nxd5 16. Bxd5 Nxa5 17. b4 cxb4 18. cxb4 Nc6 19. b5 Ne7 20. bxa6 Rxa6 21. Rxa6 bxa6 22. Ba2 Qa5 23. Qc2 Bg4 24. Re3 Rc8 25. Qb2 Bxf3 26. gxf3 d5 27. Ra3 Qb5 28. Rb3 Qe2 29. Rc3 dxe4 30. Rxc8 exf3 31. Bc4 Qd1+ 32. Bf1 Nxc8 33. Qc3 Ne7 34. Ba3 Nf5 35. Qc7 Nd4 36. Qxf7 Ne2+ 0-1


[Site "https://www.chess.com"]